Bruins vs Devils
Created - 12 décembre 2016 at 21:42
Goals
|
| Bruins |
0 |
2 |
0 |
2 |
| Devils |
0 |
2 |
2 |
4 |
|
Shots
|
| Bruins |
4 |
9 |
3 |
16 |
| Devils |
3 |
16 |
9 |
28 |
|
1st period
No Goal
Penalties :
No Penalty
2nd period
1. Bruins , Matt Cooke 8 (Daymond Langkow, Adam Pineault) at 2:25
2. Bruins , Victor Oreskovich 9 (Matt Cooke, Andrew Alberts) at 4:28 (SH)
3. Devils , Brad Richardson 4 (Vincent Lecavalier, Karl Alzner) at 8:52
4. Devils , Matt Duchene 9 (Michal Rozsival, Ilya Kovalchuk) at 11:30 (PP)
Penalties :
Adam Pineault (Bos) for Roughing (Minor) at 3:19, Henrik Sedin (Bos) for High sticking (Minor) at 10:57
3rd period
5. Devils , Gabriel Landeskog 1 (Jay McKee, Karl Alzner) at 4:00 (PP)
6. Devils , Ilya Kovalchuk 15 (Matt Duchene, Michael Frolik) at 16:29
Penalties :
Henrik Sedin (Bos) for Roughing (Minor) at 3:25, Viktor Stalberg (Bos) for Holding (Minor) at 7:22, Dave Bolland (Bos) for Hooking (Minor) at 11:07, Victor Oreskovich (Bos) for Holding (Minor) at 16:38
Goalie Stats
Roberto Luongo (Bos), 24 saves from 28 shots - (0,857), L, 9-8-0, 60:00 minutes
Frederik Andersen (NJD), 14 saves from 16 shots - (0,875), W, 3-5-0, 60:00 minutes
Players Stats for Bruins
Player Name G A P +/- PIM S H SB GA TA FO MP PP MP PK MP
------------------------------------------------------------------------------------
Adam Pineault 0 1 1 1 2 1 1 0 0 0 0/0 14:34 0:00 0:00
Andrew Alberts 0 1 1 -1 0 1 1 1 1 3 0/0 28:01 0:00 5:22
Curtis Glencross 0 0 0 0 0 1 0 0 0 0 0/0 9:51 0:00 0:43
Dave Bolland 0 0 0 -1 2 2 1 0 0 1 2/4 14:28 0:00 0:30
Daymond Langkow 0 1 1 1 0 0 1 0 0 0 5/8 13:59 0:00 0:00
Erik Condra 0 0 0 -1 0 0 1 0 0 1 0/2 13:06 0:00 0:00
Henrik Sedin 0 0 0 -1 4 1 1 0 1 0 10/17 19:04 0:00 4:53
Jason Demers 0 0 0 -1 0 0 3 2 0 2 0/0 24:01 0:00 5:22
Keaton Ellerby 0 0 0 1 0 0 0 1 0 0 0/0 6:22 0:00 0:00
Kris Chucko 0 0 0 0 0 0 0 0 0 0 0/0 4:35 0:00 0:00
Mark Stuart 0 0 0 0 0 1 2 2 0 1 0/0 21:04 0:00 3:42
Matt Cooke 1 1 2 2 0 3 4 0 1 0 0/1 17:40 0:00 2:37
Matt Hendricks 0 0 0 0 0 0 2 0 0 0 1/2 8:22 0:00 0:00
Nate Prosser 0 0 0 1 0 0 2 0 0 1 0/0 14:09 0:00 0:00
Ryan O'Byrne 0 0 0 0 0 0 0 1 0 0 0/0 23:40 0:00 3:42
Victor Oreskovich 1 0 1 0 2 3 0 1 0 0 2/4 17:18 0:00 1:55
Viktor Stalberg 0 0 0 -1 2 1 0 0 0 0 0/0 15:39 0:00 1:29
Wojtek Wolski 0 0 0 -1 0 2 1 1 1 1 6/13 24:57 0:00 6:01
Players Stats for Devils
Player Name G A P +/- PIM S H SB GA TA FO MP PP MP PK MP
------------------------------------------------------------------------------------
Brad Richardson 1 0 1 1 0 1 0 0 0 0 0/0 12:23 0:00 0:00
Brett Maclean 0 0 0 -1 0 1 0 0 1 0 0/0 9:10 0:00 0:00
Chris Mcallister 0 0 0 1 0 3 0 0 0 0 0/0 11:50 0:00 0:00
Chris Phillips 0 0 0 1 0 1 0 2 0 0 0/0 22:56 5:53 0:00
Damien Brunner 0 0 0 -1 0 1 2 0 0 0 0/0 9:26 0:00 0:00
Daniel Briere 0 0 0 -1 0 0 3 0 1 0 3/8 16:22 3:35 0:00
Gabriel Landeskog 1 0 1 -1 0 1 1 0 0 0 0/0 16:26 3:35 0:00
Greg Zanon 0 0 0 1 0 2 1 2 0 0 0/0 15:19 0:00 0:00
Ilya Kovalchuk 1 1 2 1 0 4 2 2 2 1 0/1 23:22 5:29 0:00
Jay McKee 0 1 1 -2 0 0 1 2 0 1 0/0 16:59 3:11 0:00
Karl Alzner 0 2 2 0 0 2 1 0 2 1 0/0 21:31 3:11 0:00
Matt Duchene 1 1 2 1 0 5 1 0 1 0 17/31 23:31 5:29 0:00
Michael Frolik 0 1 1 0 0 3 1 1 1 0 1/1 20:58 3:35 0:00
Michal Rozsival 0 1 1 1 0 2 1 1 1 1 0/0 24:07 5:53 0:00
Mike Komisarek 0 0 0 -1 0 0 1 0 0 0 0/0 15:58 0:00 0:00
Steve Ott 0 0 0 -1 0 0 2 0 1 0 1/5 9:50 0:05 0:00
Vincent Lecavalier 0 1 1 1 0 1 0 1 0 0 2/4 11:26 0:00 0:00
Vladimir Tarasenko 0 0 0 0 0 1 0 0 0 0 1/1 18:26 5:24 0:00
3 Stars
1 - Matt Cooke (Bos)
2 - Ilya Kovalchuk (NJD)
3 - Matt Duchene (NJD)
Power Play
Bruins - 0 on 0 Attempt(s) - 0,00%
Devils - 2 on 6 Attempt(s) - 33,33%
Penalty Kill
Bruins - 4 on 6 Attempt(s) - 66,67%
- Score 1 goal in Penalty Kill
Devils - 0 on 0 Attempt(s) - 0,00%
- Score 0 goal in Penalty Kill
Team Stat
Bruins - Hits : 20 - Faceoff Wins : 26 - Blocked Shots : 9 - Penalty Minutes : 12
Devils - Hits : 17 - Faceoff Wins : 25 - Blocked Shots : 11 - Penalty Minutes : 0
Official
Referees : Walkom Stephen and Watson Brad
Linesman : Pierre Champoux and Don Henderson
Game Notes
4:28 of 2nd period - Bruins goal is going for a video replay. After video review, Goal.
Keaton Ellerby is injured at 10:42 of 2nd period (Fractured Left Foot)
Finance
Level 1 -- Attendance: 5753 (95,88%) -- Ticket Income 489 005 $
Level 2 -- Attendance: 4732 (94,64%) -- Ticket Income 246 064 $
Level 3 -- Attendance: 1880 (94,00%) -- Ticket Income 52 640 $
Level 4 -- Attendance: 3589 (89,73%) -- Ticket Income 71 780 $
Luxury Box -- Attendance: 712 (71,20%) -- Ticket Income 121 040 $
Game was played at the The prudential Center.
Total Attendance: 16666 (92,59%)
Total Ticket Income: 980 529 $
Other Income: 147 079 $
Total Income: 1 127 608 $
Bruins
5 vs 5 Forward
Center Left Wing Right Wing Time % Phy DF OF
1 Henrik Sedin Wojtek Wolski Victor Oreskovich 40 1 2 2
2 Daymond Langkow Matt Cooke Adam Pineault 30 1 2 2
3 Dave Bolland Viktor Stalberg Erik Condra 20 1 2 2
4 Matt Hendricks Curtis Glencross Wojtek Wolski 10 1 2 2
5 vs 5 Defense
Defense Defense Time % Phy DF OF
1 Jason Demers Andrew Alberts 40 1 2 2
2 Ryan O'Byrne Mark Stuart 30 1 2 2
3 Nate Prosser Keaton Ellerby 20 1 2 2
4 Jason Demers Andrew Alberts 10 1 2 2
PowerPlay Forward
Center Left Wing Right Wing Time % Phy DF OF
1 Henrik Sedin Wojtek Wolski Victor Oreskovich 60 1 2 2
2 Daymond Langkow Matt Cooke Adam Pineault 40 1 2 2
PowerPlay Defense
Defense Defense Time % Phy DF OF
1 Jason Demers Andrew Alberts 60 1 2 2
2 Ryan O'Byrne Mark Stuart 40 1 2 2
Penalty Kill 4 Players Forward
Center Wing Time % Phy DF OF
1 Wojtek Wolski Henrik Sedin 60 1 2 2
2 Victor Oreskovich Matt Cooke 40 1 2 2
Penalty Kill 4 Players Defense
Defense Defense Time % Phy DF OF
1 Jason Demers Andrew Alberts 60 1 2 2
2 Ryan O'Byrne Mark Stuart 40 1 2 2
Penalty Kill - 3 Players Forward
Forward Time % Phy DF OF
1 Wojtek Wolski 60 1 2 2
2 Henrik Sedin 40 1 2 2
Penalty Kill - 3 Players Defense
Defense Defense Time % Phy DF OF
1 Jason Demers Andrew Alberts 60 1 2 2
2 Ryan O'Byrne Mark Stuart 40 1 2 2
4 vs 4 Forward
Center Wing Time % Phy DF OF
1 Wojtek Wolski Henrik Sedin 60 1 2 2
2 Victor Oreskovich Matt Cooke 40 1 2 2
4 vs 4 Defense
Defense Defense Time % Phy DF OF
1 Jason Demers Andrew Alberts 60 1 2 2
2 Ryan O'Byrne Mark Stuart 40 1 2 2
Last Minutes Offensive
Center Left Wing Right Wing Defense Defense
Henrik Sedin Wojtek Wolski Victor Oreskovich Jason Demers Andrew Alberts
Last Minutes Defensive
Center Left Wing Right Wing Defense Defense
Henrik Sedin Wojtek Wolski Victor Oreskovich Jason Demers Andrew Alberts
Goaltenders
Starting : Roberto Luongo
Backup : Karri Ramo
Extra Forwards
Normal : Kris Chucko, Dave Bolland, Viktor Stalberg - PP : Kris Chucko, Dave Bolland - PK : Viktor Stalberg
Extra Defensemen
Normal : Nate Prosser, Keaton Ellerby, Ryan O'Byrne - PP : Nate Prosser - PK : Keaton Ellerby, Ryan O'Byrne
Penalty Shots
Wojtek Wolski, Henrik Sedin, Victor Oreskovich, Matt Cooke, Daymond Langkow
Devils
5 vs 5 Forward
Center Left Wing Right Wing Time % Phy DF OF
1 Matt Duchene Ilya Kovalchuk Michael Frolik 40 1 1 3
2 Daniel Briere Gabriel Landeskog Vladimir Tarasenko 30 1 1 3
3 Vincent Lecavalier Chris Mcallister Brad Richardson 20 0 3 2
4 Steve Ott Brett Maclean Damien Brunner 10 0 3 2
5 vs 5 Defense
Defense Defense Time % Phy DF OF
1 Chris Phillips Karl Alzner 40 0 3 2
2 Greg Zanon Michal Rozsival 30 0 3 2
3 Jay McKee Mike Komisarek 20 0 5 0
4 Michal Rozsival Mike Komisarek 10 0 3 2
PowerPlay Forward
Center Left Wing Right Wing Time % Phy DF OF
1 Matt Duchene Ilya Kovalchuk Vladimir Tarasenko 60 0 0 5
2 Daniel Briere Gabriel Landeskog Michael Frolik 40 0 0 5
PowerPlay Defense
Defense Defense Time % Phy DF OF
1 Michal Rozsival Chris Phillips 60 0 2 3
2 Karl Alzner Jay McKee 40 0 2 3
Penalty Kill 4 Players Forward
Center Wing Time % Phy DF OF
1 Vincent Lecavalier Michael Frolik 60 0 5 0
2 Daniel Briere Gabriel Landeskog 40 0 5 0
Penalty Kill 4 Players Defense
Defense Defense Time % Phy DF OF
1 Mike Komisarek Greg Zanon 60 0 5 0
2 Michal Rozsival Jay McKee 40 0 5 0
Penalty Kill - 3 Players Forward
Forward Time % Phy DF OF
1 Ilya Kovalchuk 60 0 5 0
2 Vincent Lecavalier 40 0 5 0
Penalty Kill - 3 Players Defense
Defense Defense Time % Phy DF OF
1 Michal Rozsival Greg Zanon 60 0 5 0
2 Mike Komisarek Jay McKee 40 0 5 0
4 vs 4 Forward
Center Wing Time % Phy DF OF
1 Matt Duchene Michael Frolik 60 1 2 2
2 Daniel Briere Ilya Kovalchuk 40 1 2 2
4 vs 4 Defense
Defense Defense Time % Phy DF OF
1 Michal Rozsival Greg Zanon 60 1 2 2
2 Mike Komisarek Jay McKee 40 1 2 2
Last Minutes Offensive
Center Left Wing Right Wing Defense Defense
Matt Duchene Ilya Kovalchuk Michael Frolik Michal Rozsival Karl Alzner
Last Minutes Defensive
Center Left Wing Right Wing Defense Defense
Vincent Lecavalier Ilya Kovalchuk Michael Frolik Michal Rozsival Greg Zanon
Goaltenders
Starting : Frederik Andersen
Backup : James Reimer
Extra Forwards
Normal : Matt Duchene, Steve Ott, Brad Richardson - PP : Matt Duchene, Steve Ott - PK : Brad Richardson
Extra Defensemen
Normal : Chris Phillips, Karl Alzner, Mike Komisarek - PP : Chris Phillips - PK : Karl Alzner, Mike Komisarek
Penalty Shots
Ilya Kovalchuk, Vincent Lecavalier, Daniel Briere, Michael Frolik, Matt Duchene
% Time on Ice - Bruins
Lines # - Real PCT - Wanted PCT - Time Play
Normal Forward
1 - 25% - 40% - 12:46
2 - 33% - 30% - 16:58
3 - 25% - 20% - 12:53
4 - 16% - 10% - 8:19
Normal Defense
1 - 36% - 40% - 18:34
2 - 29% - 30% - 14:38
3 - 30% - 20% - 15:09
4 - 5% - 10% - 2:35
PP Forward
1 - 0% - 60%
2 - 0% - 40%
PP Defense
1 - 0% - 60%
2 - 0% - 40%
PK Forward
1 - 71% - 60% - 6:27
2 - 29% - 40% - 2:37
PK Defense
1 - 59% - 60% - 5:22
2 - 41% - 40% - 3:42
PK3 Forward
1 - 0% - 60%
2 - 0% - 40%
PK3 Defense
1 - 0% - 60%
2 - 0% - 40%
44 Forward
1 - 0% - 60%
2 - 0% - 40%
44 Defense
1 - 0% - 60%
2 - 0% - 40%
Last Minute Offensive - 0:00
Last Minute Defensive - 0:00
Total
Forward - 60:00
Defense - 60:00
|
% Time on Ice - Devils
Lines # - Real PCT - Wanted PCT - Time Play
Normal Forward
1 - 36% - 40% - 18:22
2 - 26% - 30% - 13:08
3 - 22% - 20% - 11:20
4 - 16% - 10% - 8:06
Normal Defense
1 - 38% - 40% - 19:31
2 - 30% - 30% - 15:31
3 - 24% - 20% - 12:02
4 - 8% - 10% - 3:52
PP Forward
1 - 60% - 60% - 5:29
2 - 40% - 40% - 3:35
PP Defense
1 - 65% - 60% - 5:53
2 - 35% - 40% - 3:11
PK Forward
1 - 0% - 60%
2 - 0% - 40%
PK Defense
1 - 0% - 60%
2 - 0% - 40%
PK3 Forward
1 - 0% - 60%
2 - 0% - 40%
PK3 Defense
1 - 0% - 60%
2 - 0% - 40%
44 Forward
1 - 0% - 60%
2 - 0% - 40%
44 Defense
1 - 0% - 60%
2 - 0% - 40%
Last Minute Offensive - 0:00
Last Minute Defensive - 0:00
Total
Forward - 60:00
Defense - 60:00
|
Play by Play
1st period
0:01 of 1st period - Matt Duchene wins face-off versus Victor Oreskovich in neutral zone.
0:27 of 1st period - Karl Alzner is hit by Jason Demers and loses puck.
1:01 of 1st period - Backhand shot by Matt Cooke.
1:01 of 1st period - Stopped by Frederik Andersen with a rebound.
1:17 of 1st period - Snap shot by Damien Brunner.
1:17 of 1st period - Shot Misses the Net.
1:26 of 1st period - Icing by Ryan O'Byrne.
1:27 of 1st period - Matt Hendricks wins face-off versus Matt Duchene in Bruins zone.
1:31 of 1st period - Icing by Wojtek Wolski.
1:32 of 1st period - Matt Duchene wins face-off versus Matt Hendricks in Bruins zone.
1:50 of 1st period - Ryan O'Byrne is hit by Mike Komisarek and loses puck.
2:24 of 1st period - Slapshot by Wojtek Wolski.
2:24 of 1st period - Deflect By Curtis Glencross.
2:24 of 1st period - Stopped by Frederik Andersen with a rebound.
2:52 of 1st period - Snap shot by Curtis Glencross.
2:52 of 1st period - Shot Blocked by Jay McKee.
2:54 of 1st period - Snap shot by Curtis Glencross.
2:54 of 1st period - Shot Blocked by Jay McKee.
3:27 of 1st period - Wrist shot by Matt Duchene.
3:27 of 1st period - Deflect By Mark Stuart.
3:27 of 1st period - Stopped by Roberto Luongo with a rebound.
3:35 of 1st period - Snap shot by Michael Frolik.
3:35 of 1st period - Shot Misses the Net.
3:45 of 1st period - Snap shot by Michael Frolik.
3:45 of 1st period - Shot Blocked by Wojtek Wolski.
3:47 of 1st period - Slapshot by Mike Komisarek.
3:47 of 1st period - Shot Misses the Net.
4:05 of 1st period - Slapshot by Ilya Kovalchuk.
4:05 of 1st period - Shot Misses the Net.
4:19 of 1st period - Snap shot by Wojtek Wolski.
4:19 of 1st period - Shot Misses the Net.
4:21 of 1st period - Slapshot by Ryan O'Byrne.
4:21 of 1st period - Shot Hit the Post.
4:51 of 1st period - Michael Frolik is hit by Matt Hendricks.
5:11 of 1st period - Jay McKee is hit by Matt Hendricks and loses puck.
5:26 of 1st period - Wrist shot by Wojtek Wolski.
5:26 of 1st period - Shot Blocked by Ilya Kovalchuk.
7:15 of 1st period - Wrist shot by Wojtek Wolski.
7:15 of 1st period - Stopped by Frederik Andersen with a rebound.
7:37 of 1st period - Snap shot by Matt Duchene.
7:37 of 1st period - Stopped by Roberto Luongo without a rebound.
7:38 of 1st period - Daymond Langkow wins face-off versus Daniel Briere in Bruins zone.
8:54 of 1st period - Nate Prosser is hit by Daniel Briere and loses puck.
9:38 of 1st period - Wrist shot by Vladimir Tarasenko.
9:38 of 1st period - Shot Misses the Net.
10:18 of 1st period - Slapshot by Henrik Sedin.
10:18 of 1st period - Stopped by Frederik Andersen with a rebound.
10:24 of 1st period - Michal Rozsival is hit by Nate Prosser and loses puck.
10:33 of 1st period - Victor Oreskovich is hit by Karl Alzner and loses puck.
10:58 of 1st period - Wrist shot by Brett Maclean.
10:58 of 1st period - Stopped by Roberto Luongo with a rebound.
11:30 of 1st period - Icing by Jason Demers.
11:31 of 1st period - Steve Ott wins face-off versus Erik Condra in Bruins zone.
18:01 of 1st period - Ryan O'Byrne is hit by Steve Ott and loses puck.
18:28 of 1st period - Henrik Sedin is hit by Gabriel Landeskog and loses puck.
19:16 of 1st period - Icing by Vladimir Tarasenko.
19:17 of 1st period - Vladimir Tarasenko wins face-off versus Daymond Langkow in Devils zone.
Goals for this period are 0 for Bruins vs 0 for Devils.
Shots for this period are 4 for Bruins vs 3 for Devils.
2nd period
0:01 of 2nd period - Henrik Sedin wins face-off versus Matt Duchene in neutral zone.
0:33 of 2nd period - Slapshot by Jason Demers.
0:33 of 2nd period - Shot Misses the Net.
0:35 of 2nd period - Wrist shot by Erik Condra.
0:35 of 2nd period - Shot Misses the Net.
0:49 of 2nd period - Snap shot by Vincent Lecavalier.
0:49 of 2nd period - Stopped by Roberto Luongo with a rebound.
1:03 of 2nd period - Keaton Ellerby is hit by Greg Zanon and loses puck.
1:14 of 2nd period - Slapshot by Daymond Langkow.
1:14 of 2nd period - Deflect By Michal Rozsival.
1:14 of 2nd period - Shot Blocked by Vincent Lecavalier.
1:14 of 2nd period - Puck is out of play.
1:15 of 2nd period - Matt Duchene wins face-off versus Henrik Sedin in Devils zone.
2:01 of 2nd period - Snap shot by Adam Pineault.
2:01 of 2nd period - Deflect By Matt Cooke.
2:01 of 2nd period - Shot Misses the Net.
2:01 of 2nd period - Puck is out of play.
2:02 of 2nd period - Daymond Langkow wins face-off versus Steve Ott in Devils zone.
2:03 of 2nd period - Snap shot by Matt Cooke.
2:03 of 2nd period - Shot Misses the Net.
2:25 of 2nd period - Snap shot by Daymond Langkow.
2:25 of 2nd period - Deflect By Matt Cooke.
2:25 of 2nd period - Goal by Matt Cooke - Bruins : 1 - Devils : 0.
2:26 of 2nd period - Henrik Sedin wins face-off versus Matt Duchene in neutral zone.
2:40 of 2nd period - Wrist shot by Ilya Kovalchuk.
2:40 of 2nd period - Shot Misses the Net.
2:52 of 2nd period - Vladimir Tarasenko is hit by Jason Demers and loses puck.
3:19 of 2nd period - Minor Penalty to Adam Pineault for Roughing.
3:20 of 2nd period - Wojtek Wolski wins face-off versus Matt Duchene in Bruins zone.
4:12 of 2nd period - Wrist shot by Ilya Kovalchuk.
4:12 of 2nd period - Stopped by Roberto Luongo without a rebound.
4:13 of 2nd period - Victor Oreskovich wins face-off versus Daniel Briere in Bruins zone.
4:26 of 2nd period - Wrist shot by Victor Oreskovich.
4:26 of 2nd period - Shot Misses the Net.
4:28 of 2nd period - Backhand shot by Victor Oreskovich.
4:28 of 2nd period - Bruins goal is going for a video replay.
4:28 of 2nd period - The goal is good.
4:28 of 2nd period - Goal by Victor Oreskovich - Bruins : 2 - Devils : 0.
4:29 of 2nd period - Matt Duchene wins face-off versus Wojtek Wolski in neutral zone.
5:18 of 2nd period - Ilya Kovalchuk is hit by Mark Stuart and loses puck.
5:19 of 2nd period - Penalty to Adam Pineault is over, Adam Pineault is back on ice.
5:25 of 2nd period - Snap shot by Matt Cooke.
5:25 of 2nd period - Shot Misses the Net.
5:59 of 2nd period - Slapshot by Karl Alzner.
5:59 of 2nd period - Deflect By Vladimir Tarasenko.
5:59 of 2nd period - Shot Misses the Net.
5:59 of 2nd period - Puck is out of play.
6:00 of 2nd period - Dave Bolland wins face-off versus Vincent Lecavalier in Bruins zone.
6:33 of 2nd period - Slapshot by Wojtek Wolski.
6:33 of 2nd period - Stopped by Frederik Andersen with a rebound.
7:01 of 2nd period - Wrist shot by Daymond Langkow.
7:01 of 2nd period - Deflect By Matt Cooke.
7:01 of 2nd period - Shot Misses the Net.
7:01 of 2nd period - Puck is out of play.
7:02 of 2nd period - Vincent Lecavalier wins face-off versus Daymond Langkow in Devils zone.
7:48 of 2nd period - Slapshot by Steve Ott.
7:48 of 2nd period - Shot Blocked by Mark Stuart.
8:02 of 2nd period - Michael Frolik is hit by Daymond Langkow.
8:12 of 2nd period - Snap shot by Michael Frolik.
8:12 of 2nd period - Stopped by Roberto Luongo with a rebound.
8:50 of 2nd period - Snap shot by Vincent Lecavalier.
8:50 of 2nd period - Shot Blocked by Jason Demers.
8:52 of 2nd period - Snap shot by Brad Richardson.
8:52 of 2nd period - Goal by Brad Richardson - Bruins : 2 - Devils : 1.
8:53 of 2nd period - Matt Duchene wins face-off versus Henrik Sedin in neutral zone.
9:02 of 2nd period - Wrist shot by Michael Frolik.
9:02 of 2nd period - Stopped by Roberto Luongo without a rebound.
9:03 of 2nd period - Victor Oreskovich wins face-off versus Matt Duchene in Bruins zone.
9:13 of 2nd period - Off-side.
9:14 of 2nd period - Matt Duchene wins face-off versus Victor Oreskovich in neutral zone.
9:27 of 2nd period - Snap shot by Matt Duchene.
9:27 of 2nd period - Shot Misses the Net.
9:29 of 2nd period - Slapshot by Karl Alzner.
9:29 of 2nd period - Stopped by Roberto Luongo with a rebound.
9:31 of 2nd period - Snap shot by Karl Alzner.
9:31 of 2nd period - Shot Blocked by Andrew Alberts.
9:45 of 2nd period - Snap shot by Dave Bolland.
9:45 of 2nd period - Stopped by Frederik Andersen without a rebound.
9:46 of 2nd period - Daniel Briere wins face-off versus Dave Bolland in Devils zone.
9:57 of 2nd period - Backhand shot by Viktor Stalberg.
9:57 of 2nd period - Stopped by Frederik Andersen with a rebound.
10:03 of 2nd period - Wrist shot by Dave Bolland.
10:03 of 2nd period - Stopped by Frederik Andersen without a rebound.
10:04 of 2nd period - Henrik Sedin wins face-off versus Matt Duchene in Devils zone.
10:42 of 2nd period - Snap shot by Daniel Briere.
10:42 of 2nd period - Shot Blocked by Keaton Ellerby.
10:42 of 2nd period - Keaton Ellerby from Bruins is injured at 10:42 of 2nd period (Fractured Left Foot).
10:43 of 2nd period - Matt Duchene wins face-off versus Henrik Sedin in Bruins zone.
10:57 of 2nd period - Minor Penalty to Henrik Sedin for High sticking.
10:58 of 2nd period - Matt Duchene wins face-off versus Wojtek Wolski in Bruins zone.
11:06 of 2nd period - Slapshot by Matt Duchene.
11:06 of 2nd period - Stopped by Roberto Luongo without a rebound.
11:07 of 2nd period - Matt Duchene wins face-off versus Wojtek Wolski in Bruins zone.
11:30 of 2nd period - Slapshot by Matt Duchene.
11:30 of 2nd period - Goal by Matt Duchene - Bruins : 2 - Devils : 2.
11:31 of 2nd period - Michael Frolik wins face-off versus Henrik Sedin in neutral zone.
11:40 of 2nd period - Slapshot by Victor Oreskovich.
11:40 of 2nd period - Stopped by Frederik Andersen with a rebound.
11:50 of 2nd period - Chris Phillips is hit by Henrik Sedin and loses puck.
12:23 of 2nd period - Vincent Lecavalier is hit by Erik Condra and loses puck.
12:46 of 2nd period - Mark Stuart is hit by Steve Ott and loses puck.
13:03 of 2nd period - Slapshot by Ryan O'Byrne.
13:03 of 2nd period - Shot Blocked by Greg Zanon.
13:05 of 2nd period - Slapshot by Ryan O'Byrne.
13:05 of 2nd period - Deflect By Adam Pineault.
13:05 of 2nd period - Stopped by Frederik Andersen with a rebound.
13:07 of 2nd period - Slapshot by Ryan O'Byrne.
13:07 of 2nd period - Shot Blocked by Michal Rozsival.
13:28 of 2nd period - Slapshot by Greg Zanon.
13:28 of 2nd period - Stopped by Roberto Luongo with a rebound.
13:30 of 2nd period - Snap shot by Chris Mcallister.
13:30 of 2nd period - Stopped by Roberto Luongo without a rebound.
13:31 of 2nd period - Vincent Lecavalier wins face-off versus Dave Bolland in Bruins zone.
13:34 of 2nd period - Wrist shot by Chris Mcallister.
13:34 of 2nd period - Deflect By Dave Bolland.
13:34 of 2nd period - Stopped by Roberto Luongo with a rebound.
13:40 of 2nd period - Wrist shot by Vincent Lecavalier.
13:40 of 2nd period - Shot Misses the Net.
13:42 of 2nd period - Snap shot by Chris Mcallister.
13:42 of 2nd period - Stopped by Roberto Luongo with a rebound.
13:44 of 2nd period - Slapshot by Karl Alzner.
13:44 of 2nd period - Shot Misses the Net.
13:46 of 2nd period - Wrist shot by Brad Richardson.
13:46 of 2nd period - Shot Misses the Net.
14:12 of 2nd period - Icing by Matt Duchene.
14:13 of 2nd period - Matt Duchene wins face-off versus Matt Cooke in Devils zone.
14:13 of 2nd period - Matt Duchene is hit by Matt Cooke.
14:47 of 2nd period - Snap shot by Matt Duchene.
14:47 of 2nd period - Stopped by Roberto Luongo with a rebound.
14:49 of 2nd period - Snap shot by Karl Alzner.
14:49 of 2nd period - Shot Misses the Net.
14:51 of 2nd period - Snap shot by Ilya Kovalchuk.
14:51 of 2nd period - Stopped by Roberto Luongo without a rebound.
14:52 of 2nd period - Matt Duchene wins face-off versus Henrik Sedin in Bruins zone.
15:18 of 2nd period - Greg Zanon is hit by Dave Bolland and loses puck.
15:35 of 2nd period - Snap shot by Michael Frolik.
15:35 of 2nd period - Shot Hit the Post.
16:39 of 2nd period - Icing by Damien Brunner.
16:40 of 2nd period - Dave Bolland wins face-off versus Steve Ott in Devils zone.
17:28 of 2nd period - Wrist shot by Damien Brunner.
17:28 of 2nd period - Stopped by Roberto Luongo without a rebound.
17:29 of 2nd period - Henrik Sedin wins face-off versus Daniel Briere in Bruins zone.
17:43 of 2nd period - Wrist shot by Daniel Briere.
17:43 of 2nd period - Shot Blocked by Mark Stuart.
18:02 of 2nd period - Mike Komisarek is hit by Adam Pineault and loses puck.
18:28 of 2nd period - Snap shot by Michael Frolik.
18:28 of 2nd period - Stopped by Roberto Luongo with a rebound.
18:40 of 2nd period - Viktor Stalberg is hit by Daniel Briere and loses puck.
19:11 of 2nd period - Brad Richardson is hit by Matt Cooke.
19:35 of 2nd period - Ilya Kovalchuk is hit by Matt Cooke and loses puck.
19:43 of 2nd period - Icing by Greg Zanon.
19:44 of 2nd period - Henrik Sedin wins face-off versus Steve Ott in Devils zone.
19:45 of 2nd period - Snap shot by Victor Oreskovich.
19:45 of 2nd period - Stopped by Frederik Andersen without a rebound.
19:46 of 2nd period - Henrik Sedin wins face-off versus Steve Ott in Devils zone.
Goals for this period are 2 for Bruins vs 2 for Devils.
Shots for this period are 9 for Bruins vs 16 for Devils.
3rd period
0:01 of 3rd period - Henrik Sedin wins face-off versus Ilya Kovalchuk in neutral zone.
0:14 of 3rd period - Slapshot by Michael Frolik.
0:14 of 3rd period - Shot Misses the Net.
1:13 of 3rd period - Snap shot by Michal Rozsival.
1:13 of 3rd period - Stopped by Roberto Luongo without a rebound.
1:14 of 3rd period - Matt Duchene wins face-off versus Henrik Sedin in Bruins zone.
1:27 of 3rd period - Slapshot by Henrik Sedin.
1:27 of 3rd period - Shot Blocked by Ilya Kovalchuk.
1:29 of 3rd period - Snap shot by Victor Oreskovich.
1:29 of 3rd period - Shot Blocked by Chris Phillips.
2:43 of 3rd period - Snap shot by Matt Cooke.
2:43 of 3rd period - Stopped by Frederik Andersen with a rebound.
2:45 of 3rd period - Slapshot by Andrew Alberts.
2:45 of 3rd period - Deflect By Ilya Kovalchuk.
2:45 of 3rd period - Stopped by Frederik Andersen without a rebound.
2:46 of 3rd period - Daymond Langkow wins face-off versus Daniel Briere in Devils zone.
2:51 of 3rd period - Snap shot by Matt Cooke.
2:51 of 3rd period - Shot Misses the Net.
2:59 of 3rd period - Snap shot by Daymond Langkow.
2:59 of 3rd period - Shot Misses the Net.
3:13 of 3rd period - Snap shot by Vincent Lecavalier.
3:13 of 3rd period - Shot Misses the Net.
3:15 of 3rd period - Slapshot by Karl Alzner.
3:15 of 3rd period - Stopped by Roberto Luongo with a rebound.
3:25 of 3rd period - Minor Penalty to Henrik Sedin for Roughing.
3:26 of 3rd period - Matt Duchene wins face-off versus Wojtek Wolski in Bruins zone.
3:41 of 3rd period - Vladimir Tarasenko is hit by Wojtek Wolski and loses puck.
3:58 of 3rd period - Slapshot by Jay McKee.
3:58 of 3rd period - Shot Misses the Net.
4:00 of 3rd period - Wrist shot by Gabriel Landeskog.
4:00 of 3rd period - Goal by Gabriel Landeskog - Bruins : 2 - Devils : 3.
4:01 of 3rd period - Henrik Sedin wins face-off versus Matt Duchene in neutral zone.
4:35 of 3rd period - Icing by Ryan O'Byrne.
4:36 of 3rd period - Daniel Briere wins face-off versus Daymond Langkow in Bruins zone.
4:43 of 3rd period - Wrist shot by Vladimir Tarasenko.
4:43 of 3rd period - Shot Misses the Net.
4:45 of 3rd period - Slapshot by Michal Rozsival.
4:45 of 3rd period - Shot Misses the Net.
4:47 of 3rd period - Slapshot by Gabriel Landeskog.
4:47 of 3rd period - Shot Misses the Net.
4:49 of 3rd period - Slapshot by Michal Rozsival.
4:49 of 3rd period - Stopped by Roberto Luongo without a rebound.
4:50 of 3rd period - Henrik Sedin wins face-off versus Matt Duchene in Bruins zone.
5:07 of 3rd period - Victor Oreskovich is hit by Matt Duchene and loses puck.
5:22 of 3rd period - Snap shot by Wojtek Wolski.
5:22 of 3rd period - Shot Misses the Net.
5:30 of 3rd period - Slapshot by Karl Alzner.
5:30 of 3rd period - Shot Blocked by Jason Demers.
5:42 of 3rd period - Snap shot by Daniel Briere.
5:42 of 3rd period - Shot Misses the Net.
5:44 of 3rd period - Snap shot by Vladimir Tarasenko.
5:44 of 3rd period - Stopped by Roberto Luongo without a rebound.
5:45 of 3rd period - Daymond Langkow wins face-off versus Matt Duchene in Bruins zone.
5:50 of 3rd period - Slapshot by Mark Stuart.
5:50 of 3rd period - Shot Blocked by Michael Frolik.
6:36 of 3rd period - Snap shot by Matt Cooke.
6:36 of 3rd period - Deflect By Vincent Lecavalier.
6:36 of 3rd period - Shot Misses the Net.
6:36 of 3rd period - Puck is out of play.
6:37 of 3rd period - Daymond Langkow wins face-off versus Vincent Lecavalier in Devils zone.
7:22 of 3rd period - Minor Penalty to Viktor Stalberg for Holding.
7:23 of 3rd period - Wojtek Wolski wins face-off versus Matt Duchene in Bruins zone.
7:33 of 3rd period - Snap shot by Matt Duchene.
7:33 of 3rd period - Deflect By Vladimir Tarasenko.
7:33 of 3rd period - Shot Misses the Net.
7:33 of 3rd period - Puck is out of play.
7:34 of 3rd period - Wojtek Wolski wins face-off versus Matt Duchene in Bruins zone.
7:47 of 3rd period - Jason Demers is hit by Michal Rozsival and loses puck.
8:39 of 3rd period - Icing by Daniel Briere.
8:40 of 3rd period - Daniel Briere wins face-off versus Wojtek Wolski in Devils zone.
8:56 of 3rd period - Icing by Vladimir Tarasenko.
8:57 of 3rd period - Matt Duchene wins face-off versus Wojtek Wolski in Devils zone.
9:22 of 3rd period - Penalty to Viktor Stalberg is over, Viktor Stalberg is back on ice.
9:55 of 3rd period - Mark Stuart is hit by Damien Brunner and loses puck.
10:29 of 3rd period - Icing by Ryan O'Byrne.
10:30 of 3rd period - Henrik Sedin wins face-off versus Daniel Briere in Bruins zone.
10:39 of 3rd period - Snap shot by Henrik Sedin.
10:39 of 3rd period - Shot Blocked by Greg Zanon.
11:07 of 3rd period - Minor Penalty to Dave Bolland for Hooking.
11:08 of 3rd period - Matt Duchene wins face-off versus Wojtek Wolski in Bruins zone.
11:35 of 3rd period - Jason Demers is hit by Daniel Briere and loses puck.
11:48 of 3rd period - Wrist shot by Victor Oreskovich.
11:48 of 3rd period - Shot Blocked by Chris Phillips.
11:50 of 3rd period - Slapshot by Mark Stuart.
11:50 of 3rd period - Stopped by Frederik Andersen with a rebound.
12:09 of 3rd period - Off-side.
12:10 of 3rd period - Wojtek Wolski wins face-off versus Matt Duchene in neutral zone.
12:19 of 3rd period - Henrik Sedin is hit by Ilya Kovalchuk.
13:07 of 3rd period - Penalty to Dave Bolland is over, Dave Bolland is back on ice.
13:35 of 3rd period - Adam Pineault is hit by Damien Brunner and loses puck.
13:42 of 3rd period - Brett Maclean is hit by Andrew Alberts and loses puck.
14:43 of 3rd period - Michal Rozsival is hit by Mark Stuart and loses puck.
15:13 of 3rd period - Snap shot by Vladimir Tarasenko.
15:13 of 3rd period - Shot Misses the Net.
15:15 of 3rd period - Slapshot by Greg Zanon.
15:15 of 3rd period - Shot Blocked by Ryan O'Byrne.
15:17 of 3rd period - Slapshot by Greg Zanon.
15:17 of 3rd period - Stopped by Roberto Luongo with a rebound.
15:48 of 3rd period - Matt Cooke is hit by Jay McKee and loses puck.
16:05 of 3rd period - Snap shot by Ilya Kovalchuk.
16:05 of 3rd period - Stopped by Roberto Luongo without a rebound.
16:06 of 3rd period - Matt Duchene wins face-off versus Erik Condra in Bruins zone.
16:11 of 3rd period - Wrist shot by Matt Duchene.
16:11 of 3rd period - Shot Misses the Net.
16:29 of 3rd period - Snap shot by Ilya Kovalchuk.
16:29 of 3rd period - Goal by Ilya Kovalchuk - Bruins : 2 - Devils : 4.
16:30 of 3rd period - Matt Duchene wins face-off versus Henrik Sedin in neutral zone.
16:33 of 3rd period - Slapshot by Michael Frolik.
16:33 of 3rd period - Shot Blocked by Victor Oreskovich.
16:35 of 3rd period - Slapshot by Chris Phillips.
16:35 of 3rd period - Stopped by Roberto Luongo without a rebound.
16:36 of 3rd period - Wojtek Wolski wins face-off versus Matt Duchene in Bruins zone.
16:38 of 3rd period - Minor Penalty to Victor Oreskovich for Holding.
16:39 of 3rd period - Wojtek Wolski wins face-off versus Matt Duchene in Bruins zone.
16:51 of 3rd period - Slapshot by Henrik Sedin.
16:51 of 3rd period - Shot Misses the Net.
16:53 of 3rd period - Snap shot by Wojtek Wolski.
16:53 of 3rd period - Shot Hit the Post.
17:05 of 3rd period - Henrik Sedin is hit by Michael Frolik and loses puck.
17:36 of 3rd period - Matt Cooke is hit by Ilya Kovalchuk and loses puck.
17:53 of 3rd period - Michal Rozsival is hit by Matt Cooke and loses puck.
18:10 of 3rd period - Gabriel Landeskog is hit by Jason Demers and loses puck.
18:38 of 3rd period - Penalty to Victor Oreskovich is over, Victor Oreskovich is back on ice.
19:18 of 3rd period - Matt Duchene is hit by Nate Prosser and loses puck.
Goals for this period are 0 for Bruins vs 2 for Devils.
Shots for this period are 3 for Bruins vs 9 for Devils.
Back to the Top